 Dungeon Crawl Stone Soup version 0.28.0-49-g6dfe1f597d (webtiles) character file.

Game seed: 18072313506279346475

83897 gno the Warrior (level 15, -7/141 HPs)
             Began as a Minotaur Berserker on May 11, 2022.
             Was a High Priest of Trog.
             Shot with an arrow by Nessos (13 damage)
             ... on level 14 of the Dungeon on May 13, 2022.
             The game lasted 02:05:45 (26487 turns).

gno the Warrior (Minotaur Berserker)               Turns: 26487, Time: 02:05:46

Health: -7/141     AC: 24    Str: 23    XL:     15   Next: 33%
Magic:  14/14      EV: 12    Int:  8    God:    Trog [*****.]
Gold:   1868       SH:  0    Dex: 12    Spells: 14/14 levels left

rFire   . . .      SeeInvis .   t - +10 dark maul {vorpal}
rCold   . . .      Faith    .   (shield currently unavailable)
rNeg    + . .      Spirit   .   g - +3 plate armour
rPois   +          Reflect  .   (helmet restricted)
rElec   .          Harm     .   u - +1 cloak {rPois}
rCorr   +          Rampage  .   (no gloves)
Will    ++...                   A - +0 pair of boots
Stlth   ..........              U - amulet of Yesterday {Will+ Regen+}
HPRegen 1.13/turn               D - ring of positive energy
MPRegen 0.14/turn               V - ring of resist corrosion

@: no status effects
A: horns 2, retaliatory headbutt
a: Renounce Religion, Berserk, Trog's Hand, Brothers in Arms


You were on level 14 of the Dungeon.
You worshipped Trog.
Trog was extremely pleased with you.
You visited 4 branches of the dungeon, and saw 23 of its levels.

You collected 2252 gold pieces.
You spent 384 gold pieces at shops.

Inventory:

Hand Weapons
 n - the +10 dire flail of Classification {vorpal, Dex+5}
   (Trog gifted it to you on level 1 of the Orcish Mines)

   It inflicts extra damage upon your enemies.
   Dex:       It affects your dexterity (+5).
 t - the +10 dark maul (weapon) {vorpal}
   (You found it on level 6 of the Lair of Beasts)

   It inflicts extra damage upon your enemies.
 M - a +5 antimagic great mace
 W - a +1 great mace of holy wrath
 X - the +6 mace "Dynkepp" {vorpal, rC+ rN+ rCorr SInv}
   (Trog gifted it to you on level 2 of the Orcish Mines)

   It inflicts extra damage upon your enemies.
   rC:        It protects you from cold.
   rN:        It protects you from negative energy.
   SInv:      It lets you see invisible.
   rCorr:     It protects you from acid and corrosion.
Missiles
 e - 3 throwing nets (quivered)
Armour
 g - a +3 plate armour (worn)
 u - a +1 cloak of poison resistance (worn)
 A - a +0 pair of boots (worn)
 H - the +9 ring mail of Absolutism {+Blink rPois Int-3 SInv}
   (You found it on level 4 of the Lair of Beasts)

   Int:       It affects your intelligence (-3).
   rPois:     It protects you from poison.
   SInv:      It lets you see invisible.
   +Blink:    It lets you blink.
 N - a scarf of resistance
Jewellery
 a - a +6 ring of intelligence
 D - a ring of positive energy (left hand)
 U - the amulet of Yesterday (around neck) {Will+ Regen+}
   (You found it on level 12 of the Dungeon)

   [amulet of regeneration]

   Regen:     It increases your rate of health regeneration.
   Will:      It increases your willpower.
 V - a ring of resist corrosion (right hand)
Wands
 l - a wand of mindburst (5)
 r - a wand of iceblast (5)
 G - a wand of paralysis (6)
 K - a wand of flame (54)
 S - a wand of acid (7)
 Z - a wand of polymorph (1)
Scrolls
 c - 6 scrolls of identify
 d - 7 scrolls of teleportation
 f - 2 scrolls of silence
 j - 2 scrolls of fog
 k - a scroll of fear
 x - 2 scrolls of torment {unknown}
 y - 6 scrolls of amnesia
 z - 4 scrolls of immolation
 C - a scroll of blinking
 E - 2 scrolls of brand weapon {unknown}
 I - a scroll of vulnerability {unknown}
 L - 2 scrolls of enchant armour
 R - 4 scrolls of enchant weapon
 T - a scroll of noise
 Y - 2 scrolls of summoning
Potions
 b - a potion of magic
 i - a potion of might
 m - 3 potions of flight
 o - 9 potions of haste
 p - 2 potions of mutation {unknown}
 s - 6 potions of lignification
 v - 2 potions of ambrosia {unknown}
 w - a potion of berserk rage
 B - 5 potions of curing
 F - 2 potions of attraction
 J - a potion of invisibility {unknown}
 O - 2 potions of brilliance {unknown}
 P - 2 potions of resistance
 Q - a potion of cancellation
Miscellaneous
 q - a lightning rod (4/4)


   Skills:
 + Level 15.6 Fighting
 + Level 15.5 Maces & Flails
 + Level 15.4 Armour
 + Level 14.2 Dodging
 + Level 10.5 Evocations


You had 14 spell levels left.
You didn't know any spells.
Your spell library was empty.

Dungeon Overview and Level Annotations

Branches:
Dungeon (14/15)            Temple (1/1) D:7            Lair (6/6) D:10
  Swamp (0/4) Lair:4       Spider (0/4) Lair:3        Slime (0/5) Lair:5
    Orc (2/2) D:9             Elf (0/3) Orc:2        Vaults (0/5) D:13

Altars:
Ashenzari
Dithmenos
Elyvilon
Fedhas
Hepliaklqana
Kikubaaqudgha
Makhleb
Okawaru
Qazlal
Ru
Trog
Uskayaw
Vehumet
Xom
Yredelemnul
Zin
The Shining One
Jiyva
Lugonu

Shops:
D:3 =   D:5 *   Orc:2 ?*![

Portals:
Abyss: Lair:6

Annotations:
D:14 Nessos


Innate Abilities, Weirdness & Mutations

You have a pair of horns on your head.
You reflexively headbutt those who attack you in melee.


Message History

You feel very sick.
You feel sick.
You feel sick.
Nessos shoots an arrow.
The arrow hits you!! The arrow burns you!
* * * LOW HITPOINT WARNING * * *
You feel sick.
Nessos stands on their hind legs for a moment.
Nessos shoots an arrow.
The arrow misses you.
There is an open door here.
You feel sick.
Nessos gestures wildly while chanting.
Nessos blinks!
Nessos shoots an arrow.
The arrow hits you but does no damage.
You are too injured to fight recklessly!
You feel sick.
Nessos mumbles some strange words.
Nessos blinks!
Nessos shoots an arrow.
The arrow hits you!!
* * * LOW HITPOINT WARNING * * *
The arrow burns you!
* * * LOW HITPOINT WARNING * * *
There is a stone staircase leading down, spattered with blood here.
You feel sick.
Nessos gestures wildly while chanting.
Nessos blinks!
Nessos shoots an arrow.
The arrow hits you but does no damage.
You feel much better.
You feel sick.
Nessos shoots an arrow.
The arrow hits you!
* * * LOW HITPOINT WARNING * * *
The arrow burns you.
* * * LOW HITPOINT WARNING * * *
Nessos pounds the earth with their hooves.
Nessos gestures wildly while chanting.
Nessos blinks!
You feel better.
Nessos shoots an arrow.
The arrow hits you!
* * * LOW HITPOINT WARNING * * *
The arrow burns you.
* * * LOW HITPOINT WARNING * * *
Nessos gestures wildly while chanting.
Nessos blinks!
Your troll goes berserk!
Nessos shoots an arrow.
The arrow hits you!
You die...

.......#.....# #..##
§.....)'.....# +.
.......#.....# #.
.......#.....# #..##
.......#.....###.
#....
.......#.........
###..
.......##'####### #..
....... #T......# #..
....... #.@.....# #.#
#.......# #.#
#.......# #..
#..§....#########..
#...............#..
#..c............#..
#...............#..
#....)).........#..
...######'###....<.#..


You could see Nessos (fast, ally target) and a friendly troll (summoned,
berserk).

Vanquished Creatures
  Rupert (D:14)
  Jorgrun (Orc:2)
  Josephine (D:14)
  8 vault guards (D:13)
  A boulder beetle (D:14)
  3 ogre magi (Orc:2)
  2 centaur warriors
  6 hydras
  13 two-headed ogres
  A catoblepas (Lair:4)
  A dancing weapon (D:10)
  Urug (Orc:2)
  2 tengu warriors (D:12)
  4 thrashing horrors (Lair:6)
  The ghost of 101zpm the Thaumaturge, a journeyman DjFE of Hepliaklqana (D:10)
  4 skeletal warriors (D:13)
  2 large abominations (Lair:6)
  A deep elf pyromancer (D:13)
  An orc knight (Orc:1)
  2 manticores (D:12)
  3 ugly things
  3 oklob plants (Lair:4)
  9 elephants
  2 cyclopes
  A salamander (Lair:1)
  2 black mambas
  An elephant (shapeshifter) (Lair:6)
  2 smoke demons (Lair:6)
  8 cane toads
  Maggie (D:9)
  A gargoyle (D:12)
  6 rime drakes
  5 komodo dragons
  An unseen horror (D:12)
  An ancient zyme (Lair:6)
  8 polar bears
  Prince Ribbit (D:7)
  A blink frog (shapeshifter) (Lair:6)
  A meliai (Lair:3)
  3 trolls
  Grinder (D:3)
  15 blink frogs
  4 slime creatures (D:13)
  A shadow (D:10)
  9 wraiths
  A vampire (D:13)
  A fire elemental (Lair:1)
  A steam dragon (D:9)
  Eustachio (D:4)
  6 basilisks
  59 yaks
  3 wyverns
  2 chaos spawn (Lair:6)
  4 vampire mosquitoes
  4 wargs (D:8)
  7 small abominations (Lair:6)
  3 acid dragons
  18 water moccasins
  18 orc warriors
  2 ice beasts (D:7)
  3 sky beasts
  A black bear (Lair:2)
  A necrophage (D:4)
  A hornet zombie (D:8)
  20 ogres
  14 wolves
  4 centaurs
  2 phantoms
  3 kobold brigands
  8 bullfrogs
  7 gnoll sergeants
  A scorpion (D:4)
  A wyvern skeleton (D:5)
  3 killer bees (Lair:3)
  3 wights (D:7)
  6 howler monkeys
  6 electric eels
  A bullfrog zombie (D:5)
  4 lava snakes
  2 jellies
  7 centaur zombies
  17 orc priests
  2 bullfrog skeletons
  2 gnoll shamans (D:8)
  Crazy Yiuf (D:3)
  7 hounds
  4 iguanas
  Ijyb (D:3)
  Jessica (D:2)
  4 hell rats (Lair:2)
  18 orc wizards
  2 killer bee zombies
  24 gnolls
  6 adders
  8 river rats (Lair:2)
  2 shadow imps
  A white imp (D:8)
  An ufetubus (D:6)
  An adder skeleton (D:4)
  5 worms
  4 dart slugs
  67 orcs
  6 ball pythons
  5 endoplasms
  3 giant cockroaches
  11 goblins
  7 hobgoblins
  7 jackals
  9 quokkas
  17 bats
  4 frilled lizards
  12 kobolds
  21 rats
654 creatures vanquished.

Vanquished Creatures (collateral kills)
  An ogre mage (Orc:2)
  5 two-headed ogres (Orc:2)
  11 ogres (Orc:2)
  An orc wizard (Orc:2)
  An orc (Orc:2)
19 creatures vanquished.

Vanquished Creatures (others)
  A lava snake (Lair:6)
  24 fungi
  80 plants
  5 toadstools (D:4)
110 creatures vanquished.

Grand Total: 783 creatures vanquished

Notes
Turn   | Place    | Note
-------+----------+-------------------------------------------
     0 | D:1      | gno the Minotaur Berserker began the quest for the Orb.
     0 | D:1      | Reached XP level 1. HP: 19/19 MP: 0/0
   284 | D:1      | Reached XP level 2. HP: 27/27 MP: 1/1
   881 | D:1      | Reached XP level 3. HP: 31/33 MP: 2/2
  1012 | D:2      | Noticed Jessica
  1022 | D:2      | Killed Jessica
  1038 | D:2      | Reached ** piety under Trog
  1111 | D:2      | Reached XP level 4. HP: 32/40 MP: 3/3
  2244 | D:3      | Noticed Ijyb
  2286 | D:3      | Killed Ijyb
  2287 | D:3      | Reached XP level 5. HP: 40/47 MP: 4/4
  2410 | D:3      | Found Ciug's Jewellery Emporium.
  2515 | D:3      | Found a runed translucent door.
  2516 | D:3      | Noticed Crazy Yiuf
  2596 | D:3      | Noticed Grinder
  2600 | D:3      | Killed Grinder
  2601 | D:3      | Reached skill level 5 in Fighting
  2601 | D:3      | Reached skill level 5 in Maces & Flails
  2601 | D:3      | Reached XP level 6. HP: 56/56 MP: 5/5
  2756 | D:3      | Found a faded altar of an unknown god.
  3389 | D:3      | Killed Crazy Yiuf
  3523 | D:4      | Reached skill level 5 in Armour
  3523 | D:4      | Reached XP level 7. HP: 58/62 MP: 6/6
  3580 | D:4      | Noticed Eustachio
  3588 | D:4      | Killed Eustachio
  3686 | D:4      | Reached *** piety under Trog
  3808 | D:4      | Reached skill level 5 in Dodging
  4162 | D:4      | Found a sacrificial altar of Ru.
  4441 | D:5      | Entered Level 5 of the Dungeon
  4576 | D:5      | Reached XP level 8. HP: 66/71 MP: 7/7
  4798 | D:5      | Found Dijy Ism's Assorted Antiques.
  5639 | D:6      | Reached **** piety under Trog
  6201 | D:5      | Reached XP level 9. HP: 63/81 MP: 8/8
  6727 | D:7      | Found a staircase to the Ecumenical Temple.
  6732 | Temple   | Entered the Ecumenical Temple
  7132 | D:7      | Noticed Prince Ribbit
  7144 | D:7      | Reached skill level 1 in Evocations
  7147 | D:7      | Killed Prince Ribbit
  8717 | D:8      | Reached XP level 10. HP: 91/91 MP: 9/9
  8889 | D:8      | Reached ***** piety under Trog
  9956 | D:8      | Paralysed by an orc warrior for 2 turns
 10777 | D:8      | Reached skill level 10 in Maces & Flails
 10823 | D:8      | Noticed a two-headed ogre
 10834 | D:8      | Killed a two-headed ogre
 10835 | D:8      | Reached skill level 10 in Fighting
 10836 | D:8      | Received a gift from Trog
 11202 | D:9      | Identified the +2 short sword of Jeek Oxkez {vamp, Int+2}
 11362 | D:9      | Found a staircase to the Orcish Mines.
 11450 | D:9      | Noticed Maggie
 11459 | D:9      | Killed Maggie
 11460 | D:9      | Reached skill level 10 in Armour
 11460 | D:9      | Reached XP level 11. HP: 96/101 MP: 3/10
 11608 | D:9      | Noticed a two-headed ogre
 11614 | D:9      | Killed a two-headed ogre
 12045 | D:10     | Entered Level 10 of the Dungeon
 12156 | D:10     | Found a flagged portal.
 12170 | D:10     | Reached skill level 5 in Evocations
 12452 | D:10     | You fall into a shaft and drop 2 floors!
 12657 | D:12     | Noticed a two-headed ogre
 12667 | D:11     | Noticed a two-headed ogre
 12680 | D:11     | Killed a two-headed ogre
 13040 | D:11     | Noticed a four-headed hydra
 13406 | D:10     | Found a staircase to the Lair.
 13853 | D:10     | Reached skill level 10 in Dodging
 14004 | D:10     | Noticed a centaur warrior
 14015 | D:10     | Killed a centaur warrior
 14295 | D:10     | Found a runed translucent door.
 14304 | D:10     | Found a shimmering altar of Xom.
 14304 | D:10     | Noticed 101zpm's ghost (journeyman DjFE)
 14304 | D:10     | Noticed a +1 long sword of chaos
 14631 | D:10     | Killed a +1 long sword of chaos
 14636 | D:10     | Killed 101zpm's ghost
 14959 | D:11     | Noticed an eight-headed hydra
 14973 | D:11     | Killed an eight-headed hydra
 14974 | D:11     | Reached XP level 12. HP: 110/110 MP: 3/11
 15137 | D:11     | Noticed a two-headed ogre
 15147 | D:11     | Killed a two-headed ogre
 15151 | D:11     | Killed a four-headed hydra
 15531 | D:12     | Noticed a tengu warrior
 15531 | D:12     | Noticed a tengu warrior
 15542 | D:12     | Killed a tengu warrior
 15545 | D:12     | Killed a tengu warrior
 15677 | D:12     | Noticed a two-headed ogre
 15685 | D:12     | Killed a two-headed ogre
 15797 | D:12     | Killed a two-headed ogre
 16410 | D:12     | Identified the amulet of Yesterday {Will+ Regen+}
 16827 | D:13     | Noticed a vault guard
 16827 | D:13     | Noticed a vault guard
 16914 | Lair:1   | Entered Level 1 of the Lair of Beasts
 17405 | Lair:1   | Received a gift from Trog
 17607 | Lair:1   | Reached XP level 13. HP: 54/119 MP: 4/12
 19434 | Lair:3   | Found a hole to the Spider Nest.
 19986 | Lair:4   | Found a staircase to the Swamp.
 20084 | Lair:4   | Identified the +9 ring mail of Absolutism {+Blink rPois
                  | Int-3 SInv}
 20666 | Lair:4   | Found a blossoming altar of Fedhas.
 21367 | Lair:5   | Found a viscous altar of Jiyva.
 21367 | Lair:5   | Found a staircase to the Slime Pits.
 21559 | Lair:5   | Received a gift from Trog
 21859 | Lair:6   | Entered Level 6 of the Lair of Beasts
 21929 | Lair:6   | Reached XP level 14. HP: 132/132 MP: 4/13
 23127 | Lair:6   | Reached ****** piety under Trog
 23140 | Lair:6   | Found a corrupted altar of Lugonu.
 23140 | Lair:6   | Found a one-way gate to the infinite horrors of the Abyss.
 23272 | Lair:6   | Found the +10 dark maul {vorpal}
 23662 | Orc:1    | Entered Level 1 of the Orcish Mines
 23664 | Orc:1    | Identified the +10 dire flail of Classification {vorpal,
                  | Dex+5} (Trog gifted it to you on level 1 of the Orcish
                  | Mines)
 23664 | Orc:1    | Received a gift from Trog
 24286 | Orc:2    | Entered Level 2 of the Orcish Mines
 24286 | Orc:2    | Noticed Urug
 24295 | Orc:2    | Killed Urug
 24422 | Orc:2    | Identified the +6 mace "Dynkepp" {vorpal, rC+ rN+ rCorr
                  | SInv} (Trog gifted it to you on level 2 of the Orcish
                  | Mines)
 24422 | Orc:2    | Received a gift from Trog
 24449 | Orc:2    | Reached skill level 15 in Fighting
 24451 | Orc:2    | Reached skill level 10 in Evocations
 24452 | Orc:2    | Reached skill level 15 in Maces & Flails
 24457 | Orc:2    | Found Biufu's Magic Scroll Boutique.
 24457 | Orc:2    | Found Pippioclemics's Distillery.
 24458 | Orc:2    | Found Letwem's Armour Shop.
 24458 | Orc:2    | Found Ycoikh's General Store.
 24543 | Orc:2    | Bought a scroll of enchant armour for 112 gold pieces
 24543 | Orc:2    | Bought a scroll of summoning for 142 gold pieces
 24552 | Orc:2    | Bought a potion of haste for 130 gold pieces
 24631 | Orc:2    | Found a gate leading to a gauntlet.
 24637 | Orc:2    | Found a staircase to the Elven Halls.
 24659 | Orc:2    | Noticed Jorgrun
 24681 | Orc:2    | Killed Jorgrun
 25390 | D:13     | Found a gate to the Vaults.
 25401 | D:13     | Reached skill level 15 in Armour
 25423 | D:13     | Reached XP level 15. HP: 97/141 MP: 14/14
 26372 | D:14     | Noticed Rupert
 26380 | D:14     | Killed Rupert
 26446 | D:14     | Noticed Josephine
 26460 | D:14     | Killed Josephine
 26460 | D:14     | Noticed Nessos
 26483 | D:14     | HP: 5/141 [Nessos/arrow (7)]
 26487 | D:14     | Shot with an arrow by Nessos

Illustrated notes

Levels and vault maps discovered:
D:1:      enne_arrival_octagon_isle, layout_loops_ring, minivault_23
D:2:      layout_loops_ring, palyth_stone_intersect, uniq_jessica
D:3:      layout_loops_ring, serial_shops, shop,
          dreamdust_ecumenical_altar_grove, lightli_corner_chamber,
          uniq_grinder, uniq_ijyb, uniq_crazy_yiuf_cottage
D:4:      layout_gridville, hangedman_ru_absence, roderic_batcave,
          minmay_gold_behind_fungi, uniq_eustachio
D:5:      layout_gridville, serial_shops, shop, dk_noncrumbling_4
D:6:      layout_rooms
D:7:      minmay_general_purpose_star, layout_layer_cave,
          minmay_temple_entry_arrows, roderic_serpentine_path,
          uniq_prince_ribbit1
D:8:      lemuel_castle_with_subvaults [lemuel_castle_interior_carwin_3],
          layout_basic, minmay_misc_feat_rugged
D:9:      layout_irregular_city, orc_0_dummy, uniq_maggie
D:10:     layout_stronghold, david_lair_shrubbed, ebering_ghost_xom,
          enter_bailey_5, grunt_ministairs_1, dk_vineyard_1
D:11:     layout_big_octagon, lightli_minifort
D:12:     layout_basic
D:13:     layout_roguey, erik_vaults_2, minmay_misc_feat_five,
          kennysheep_generic_room_5
D:14:     layout_stronghold, good_gods_mini_temple, uniq_rupert, uniq_snorg,
          uniq_kirke, uniq_nessos, uniq_josephine
Temple:   mainiacjoe_temple_archimedes_tessellation
Lair:1:   layout_chaotic_city, serial_bayou_shore_a, lemuel_fruit_tree
Lair:2:   lemuel_ratsnest, layout_regular_city, grunt_megastairs_2,
          infiniplex_staircase_pool_2
Lair:3:   layout_gridlike, hellmonk_spider_entry_not_the_bees, st_stairs_6,
          serial_bayou_shore_b
Lair:4:   layout_gridlike, swamp_mist_pool, hangedman_tree_tricks,
          minmay_lair_oklob_items, grunt_megastairs_5
Lair:5:   layout_cave_shapes, dpeg_slime_entry_enclosed_altar,
          cheibrodos_lair_lostbears
Lair:6:   hellmonk_lair_end_abyssal_woods, layout_concentric_octagons,
          nicolae_lair_liquid_snakes, grunt_megastairs_4
Orc:1:    layout_caves
Orc:2:    st_orc_ogre_mass, layout_caves, gauntlet_entry_generic,
          nicolae_orc_lava_room, uniq_urug, uniq_jorgrun

Skill      XL: |  1  2  3  4  5  6  7  8  9 10 11 12 13 14 15 |
---------------+----------------------------------------------+-----
Fighting       | 4 5 6 7 9 10 11 12 14 15 | 15.6
Maces & Flails | 4 5 6 8 9 10 11 12 14 15 | 15.5
Armour         | 3 4 5 6 7 8 10 11 12 13 15 | 15.4
Dodging        | 3 4 5 6 8 9 10 11 12 13 14 | 14.2
Evocations     | 2 4 6 7 9 10 | 10.5

Action                   |  1- 3 |  4- 6 |  7- 9 | 10-12 | 13-15 || total
-------------------------+-------+-------+-------+-------+-------++-------
Melee: Mace              |    65 |    80 |       |       |       ||   145
       Headbutt          |    12 |    17 |    65 |   119 |   210 ||   423
       Punch             |     1 |     1 |     3 |     3 |       ||     8
       Flail             |       |    15 |   342 |   189 |       ||   546
       Great mace        |       |       |       |   353 |   587 ||   940
       Dire flail        |       |       |       |       |   301 ||   301
       Maul              |       |       |       |       |    13 ||    13
Invok: Berserk           |       |     4 |     4 |    11 |     3 ||    22
       Trog's Hand       |       |     1 |       |       |       ||     1
       Brothers in Arms  |       |       |       |       |     2 ||     2
  Use: Scroll            |       |       |     6 |     2 |    11 ||    19
       Potion            |       |       |       |     5 |     3 ||     8
Armor: Ring mail         |    27 |    40 |       |       |       ||    67
       Animal skin       |     2 |       |       |       |       ||     2
       Plate armour      |       |     6 |   355 |   397 |   542 ||  1300
Dodge: Dodged            |    40 |    51 |   207 |   309 |   532 ||  1139
